AoeStats
← Geosim

Black Forest

507787318Analyzed
3v3 RM · 12d ago on Sep 19, 2026· 68m 4s· 6 players
Game mode
Random Map
Map size
Normal (6 player)
Population
200
Speed
Normal
Resources
Standard
Victory
Conquest
Starting age
Dark Age
Ending age
Imperial Age
RankedLock teamsTeams togetherTeam positionsShared explorationLock speedFull tech treeHidden civsTurbo modeCheats
Victory
Defeat
🇹🇷 Italians · Türkiye
1234
+13
🇹🇷 Celts · Türkiye
1214
+14
🇹🇷 Bohemians · Türkiye
1155
+15
🇩🇪 Wu · Germany
1179
-15
🇦🇷 Burgundians · Argentina
1163
-14
🇪🇸 Romans · Spain
1142
-13
HighTower
0:28 Loom
1:57 Loom
13:07 Feudal Age
13:52 Double-Bit Axe
21:16 Castle Age
20:36 Horse Collar
22:32 Bow Saw
22:45 Fletching
31:43 Wheelbarrow
34:41 Imperial Age
33:45 Bodkin Arrow
33:50 Padded Archer Armor
34:12 Hand Cart
33:48 Town Watch
34:46 Heavy Plow
37:33 Chemistry
37:29 Conscription
38:43 Caravan
39:29 Ballistics
40:38 Sitting Tiger
42:55 Heavy Scorpion
44:12 Bracer
44:33 Leather Archer Armor
45:01 Gold Mining
45:02 Stone Mining
47:21 Gold Shaft Mining
48:19 Heated Shot
50:28 Two-Man Saw
50:21 Stone Shaft Mining
50:31 Forging
50:27 Scale Barding Armor
50:24 Scale Mail Armor
50:27 Squires
50:13 Arson
55:25 Iron Casting
55:05 Chain Mail Armor
55:02 Murder Holes
56:57 Coinage
56:38 Guilds
62:00 Pikeman
62:55 Halberdier
PALITOMAN
2:52 Loom
11:45 Feudal Age
14:37 Double-Bit Axe
17:06 Castle Age
20:54 Redemption
30:36 Bow Saw
31:35 Wheelbarrow
30:43 Horse Collar
32:32 Heavy Plow
32:54 Fervor
36:11 Imperial Age
34:43 Hand Cart
37:07 Ballistics
38:04 Chemistry
37:21 Block Printing
36:51 Heavy Scorpion
37:54 Padded Archer Armor
38:46 Illumination
38:58 Leather Archer Armor
38:34 Fletching
38:52 Siege Engineers
39:18 Bodkin Arrow
42:00 Ring Archer Armor
45:12 Pikeman
45:52 Squires
45:14 Man-at-Arms
45:27 Man-at-Arms
47:18 Long Swordsman
48:17 Forging
48:08 Scale Mail Armor
48:20 Capped Ram
48:22 Legionary
49:41 Chain Mail Armor
50:02 Iron Casting
49:43 Siege Ram
50:27 Onager
53:20 Ballistas
53:12 Pikeman
54:31 Comitatenses
55:01 Elite Skirmisher
ELTRAVERO
0:26 Loom
12:41 Double-Bit Axe
14:32 Wheelbarrow
20:33 Feudal Age
20:54 Gold Mining
23:01 Bow Saw
25:07 Gold Shaft Mining
24:51 Hand Cart
26:22 Arson
30:19 Castle Age
28:26 Scale Mail Armor
28:37 Forging
28:37 Scale Barding Armor
28:28 Stone Mining
30:40 Stone Shaft Mining
29:51 Town Watch
31:53 Horse Collar
33:17 Two-Man Saw
32:40 Chain Barding Armor
32:56 Iron Casting
36:33 Imperial Age
34:12 Treadmill Crane
34:47 Squires
34:50 Scale Mail Armor
35:34 Heavy Plow
36:08 Fortified Wall
37:00 Masonry
38:23 Chemistry
38:10 Conscription
51:30 Plate Barding Armor
51:59 Burgundian Vineyards
55:49 Light Cavalry
56:30 Husbandry
56:24 Hussar
56:25 Cavalier
58:15 Blast Furnace
58:44 Guilds
58:44 Fletching
58:54 Padded Archer Armor
58:38 Elite Skirmisher
60:57 Bodkin Arrow
62:15 Bracer
M.S.
0:26 Loom
18:13 Feudal Age
24:09 Castle Age
22:35 Double-Bit Axe
22:44 Horse Collar
24:46 Wheelbarrow
25:39 Bow Saw
25:32 Heavy Plow
28:46 Wheelbarrow
43:47 Imperial Age
41:36 Hand Cart
41:07 Town Watch
43:45 Chemistry
43:06 Ballistics
42:57 Fortified Wall
42:46 Murder Holes
43:25 Caravan
43:55 Coinage
43:42 Town Patrol
43:53 Forging
43:44 Scale Mail Armor
43:12 Elite Skirmisher
45:14 Squires
45:06 Arson
47:11 Onager
48:29 Houfnice
49:42 Pikeman
51:01 Siege Engineers
51:45 Wagenburg Tactics
51:01 Elite Hussite Wagon
53:02 Banking
52:42 Guilds
52:37 Padded Archer Armor
54:17 Iron Casting
53:57 Chain Mail Armor
53:59 Leather Archer Armor
53:34 Fletching
53:59 Leather Archer Armor
59:23 Blast Furnace
58:53 Plate Mail Armor
63:07 Halberdier
simirfan
0:27 Loom
14:45 Feudal Age
14:47 Man-at-Arms
15:14 Arson
15:32 Double-Bit Axe
16:40 Scale Mail Armor
17:57 Forging
23:43 Castle Age
21:51 Horse Collar
23:01 Stone Mining
23:02 Gold Mining
33:33 Fortified Wall
33:34 Masonry
37:31 Imperial Age
35:14 Heavy Plow
35:28 Bow Saw
36:27 Caravan
36:39 Guard Tower
36:53 Padded Archer Armor
36:44 Fletching
37:10 Chain Mail Armor
37:32 Iron Casting
37:03 Scale Barding Armor
37:40 Wheelbarrow
36:51 Town Watch
38:37 Siege Engineers
39:33 Chemistry
38:50 Onager
42:07 Hand Cart
42:26 Plate Mail Armor
42:12 Leather Archer Armor
41:53 Bodkin Arrow
44:49 Siege Onager
50:24 Blast Furnace
50:50 Stronghold
51:13 Furor Celtica
53:24 Town Patrol
59:58 Elite Woad Raider
62:27 Heavy Scorpion
66:08 Hoardings
65:05 Sappers
67:38 Capped Ram
Geosim
4:49 Loom
12:10 Feudal Age
13:14 Double-Bit Axe
16:35 Castle Age
14:20 Horse Collar
15:02 Gold Mining
16:47 Wheelbarrow
18:34 Bow Saw
19:22 Heavy Plow
19:38 Stone Mining
25:47 Hand Cart
26:45 Town Watch
26:52 Fletching
27:03 Padded Archer Armor
27:15 Masonry
27:26 Ballistics
26:47 Treadmill Crane
28:31 Devotion
30:51 Silk Road
34:52 Imperial Age
33:11 Bodkin Arrow
33:23 Squires
33:09 Arson
34:26 Leather Archer Armor
34:25 Forging
34:16 Scale Mail Armor
34:30 Fortified Wall
34:17 Murder Holes
34:44 Caravan
35:07 Elite Genoese Crossbowman
37:03 Two-Man Saw
36:22 Bracer
37:43 Chemistry
37:19 Architecture
37:31 Conscription
38:26 Hoardings
38:24 Ring Archer Armor
39:20 Iron Casting
38:07 Light Cavalry
38:59 Bloodlines
38:49 Husbandry
38:48 Hussar
39:36 Scale Barding Armor
39:49 Chain Mail Armor
40:31 Crop Rotation
41:21 Blast Furnace
41:54 Faith
41:57 Thumb Ring
43:27 Chain Barding Armor
44:28 Elite Skirmisher
46:32 Plate Barding Armor
46:34 Plate Mail Armor
45:45 Crossbowman
46:45 Arbalester
53:53 Coinage
53:34 Guilds
59:41 Capped Ram
60:39 Arrowslits
Connection lost

Rejoining the realm…

Still unreachable

The connection could not be restored.

Session expired

The server has moved on; the page needs a fresh start.